 Dungeon Crawl Stone Soup version 0.22-a0-605-g9281fa2 (webtiles) character file.

96 Gildeon the Vandal (level 4, -9/29 HPs)
             Began as a Halfling Hunter on July 8, 2018.
             Killed by divine providence
             ... invoked by an orc priest
              (12 damage)
             ... on level 3 of the Dungeon.
             The game lasted 00:17:43 (2818 turns).

Gildeon the Vandal (Halfling Hunter)                Turns: 2818, Time: 00:17:43

Health: -9/29      AC:  6    Str: 11 (13) XL:     4   Next: 98%
Magic:  4/4        EV: 14    Int: 10      God:
Gold:   168        SH:  0    Dex: 14      Spells: 3/3 levels left

rFire    . . .     SeeInvis .   a - +1 hunting sling
rCold    . . .     Gourm    .   (shield restricted)
rNeg     . . .     Faith    .   c - +0 leather armour
rPois    .         Spirit   .   r - +0 helmet
rElec    .         Reflect  .   (no cloak)
rCorr    .         Harm     .   e - +1 pair of gloves
MR       ++...                  (no boots)
Stlth    +++.......             (no amulet)
HPRegen  0.09/turn              t - ring of protection from magic
MPRegen  0.09/turn              o - ring of stealth

@: no status effects
A: small, talons 1, blurry vision 1, deterioration 1, magic resistance 1,
mutation resistance 1
a: no special abilities


You were on level 3 of the Dungeon.
You were not hungry.

You visited 1 branch of the dungeon, and saw 3 of its levels.

You collected 168 gold pieces.

Inventory:

Hand Weapons
 a - a +1 hunting sling (weapon)
 b - a +0 dagger
Missiles
 j - 129 stones
 q - 5 sling bullets (quivered)
Armour
 c - a +0 leather armour (worn)
 e - a +1 pair of gloves (worn)
 r - a +0 helmet (worn)
Jewellery
 i - an uncursed ring of resist corrosion
 o - a ring of stealth (right hand)
 t - a ring of protection from magic (left hand)
Wands
 d - a wand of digging (8)
Scrolls
 k - a scroll of remove curse
 n - a scroll of magic mapping
Potions
 g - a potion of invisibility
 h - a potion of berserk rage
 m - a potion of curing {unknown}
 p - 3 potions of flight
Comestibles
 f - 2 rations
 l - 4 chunks of flesh


   Skills:
 - Level 1.7 Fighting
 + Level 2.5 Short Blades
 + Level 6.9 Slings
 - Level 2.1 Dodging
 + Level 3.0 Stealth


You had 3 spell levels left.
You didn't know any spells.
Your spell library was empty.

Dungeon Overview and Level Annotations

Branches:
Dungeon (3/15)

Altars:

Annotations:
D:3 exclusions: orc, orc priest and orc wizard


Innate Abilities, Weirdness & Mutations

You are small and have problems with some larger weapons.
You are somewhat resistant to further mutation.
You have sharp toenails.
Scrolls take you a little longer to read.
Your body sometimes deteriorates upon taking damage.
You are resistant to hostile enchantments. (MR+)


Message History

Firing (i - inventory. (/) - cycle)
q - 7 sling bullets (quivered)
Press: ? - help, Shift-Dir - straight line, f/p - orc
Aim: an orc, wearing a ring mail You shoot a sling bullet.
The sling bullet hits the orc but does no damage.
Firing (i - inventory. (/) - cycle)
q - 6 sling bullets (quivered)
Press: ? - help, Shift-Dir - straight line, f/p - orc
Aim: an orc, wearing a ring mail You shoot a sling bullet.
The sling bullet hits the orc priest.
The orc priest is lightly wounded.
A hobgoblin comes into view.
A hobgoblin comes into view. It is wielding a club.
The orc priest looks satisfied for a moment.
The orc priest invokes the aid of Beogh against you.
Beogh smites you!
* * * LOW HITPOINT WARNING * * *
Your body deteriorates!
You feel weakened.
The orc priest invokes the aid of Beogh against you.
Beogh smites you!
You die...

#.#(####..# #.<##
#.(......######
#.##
###)###.......###.#
###h###.#####.#...#
..##...o...##
#.#.###
#....$.o...# #>..#
######
...<....g....#
##### #.....
...#.........#
#..... .$
#........@# #.....
. #).......(#
#..... #........(#
#..... #.........#
#..... #........g#
#..... #.........#
#..... .........#
###### #########


You could see an orc priest, an orc, a jackal and 2 hobgoblins.

Vanquished Creatures
  Robin (D:2)
  An ooze (D:2)
  An adder skeleton (D:2)
  3 leopard geckos
  An orc (D:3)
  2 ball pythons
  20 goblins
  12 hobgoblins
  A jackal (D:3)
  10 kobolds
  7 bats
  4 frilled lizards
  5 rats
68 creatures vanquished.

Notes
Turn   | Place    | Note
-------+----------+-------------------------------------------
     0 | D:1      | Gildeon the Halfling Hunter began the quest for the Orb.
     0 | D:1      | Reached XP level 1. HP: 14/14 MP: 1/1
   125 | D:1      | Reached skill level 6 in Slings
   409 | D:1      | Reached XP level 2. HP: 19/19 MP: 2/2
   428 | D:1      | Reached skill level 1 in Short Blades
   870 | D:1      | Reached XP level 3. HP: 22/24 MP: 3/3
  1949 | D:2      | Noticed Robin
  1965 | D:2      | Reached XP level 4. HP: 29/29 MP: 4/4
  1987 | D:2      | Killed Robin
  2643 | D:3      | Gained mutation: You have large cloven feet. [potion of mutation]
  2644 | D:3      | Lost mutation: You have large cloven feet. [potion of mutation]
  2644 | D:3      | Gained mutation: Your body sometimes deteriorates upon taking damage. [potion of mutation]
  2644 | D:3      | Gained mutation: You have sharp toenails. [potion of mutation]
  2644 | D:3      | Gained mutation: Scrolls take you a little longer to read. [potion of mutation]
  2644 | D:3      | Gained mutation: You are resistant to hostile enchantments. (MR+) [potion of mutation]
  2818 | D:3      | Killed from afar by an orc priest

Vault maps used:
D:1:      giann_horns, serial_bayou_lake_a
D:2:      uniq_robin

Skill      XL: |  1  2  3  4 |
---------------+-------------+-----
Slings         | 6 |  6.9
Short Blades   | 1 2 |  2.5
Stealth        | 2 3 |  3.0
Fighting       | |  1.7
Dodging        | |  2.1

Action                   |  1- 3 |  4- 6 || total
-------------------------+-------+-------++-------
Melee: Short sword       |    14 |       ||    14
       Dagger            |    22 |    34 ||    56
       Kick              |       |     1 ||     1
 Fire: Hunting sling     |    77 |    45 ||   122
  Use: Scroll            |     4 |     6 ||    10
       Potion            |       |     2 ||     2
 Stab: Sleeping          |       |     3 ||     3
  Eat: Ration            |     1 |       ||     1
       Chunk             |       |     2 ||     2
Armor: Leather armour    |    25 |     7 ||    32
Dodge: Dodged            |    45 |    33 ||    78

Table legend:
 A = Spawn XP
 B = Non-spawn XP
 C = Spawn XP percentage of total XP
 D = Spawn monster count
 E = Non-spawn monster count
 F = Spawn count percentage of total count
 G = Total turns spent on level
                    A         B        C        D         E        F      G
               +---------+---------+-------+---------+---------+-------+---------
         Total |       0 |     138 |   0.0 |       0 |      68 |   0.0 |  2818
               +---------+---------+-------+---------+---------+-------+---------
           D:1 |       0 |      38 |   0.0 |       0 |      23 |   0.0 |  1456
           D:2 |       0 |      77 |   0.0 |       0 |      33 |   0.0 |  1041
           D:3 |       0 |      23 |   0.0 |       0 |      12 |   0.0 |   321
               +---------+---------+-------+---------+---------+-------+---------
